 Dungeon Crawl Stone Soup version 0.26-a0-800-g517d6fe (webtiles) character file.

Game seed: 10212811125562352545

1736 MrTaco21 the Basher (level 9, 0/51 HPs)
             Began as a Gargoyle Fighter on Nov 11, 2020.
             Was a Follower of Okawaru.
             Slain by an orc warrior
             ... wielding a +0 short sword
              (14 damage)
             ... on level 6 of the Dungeon.
             The game lasted 00:07:16 (5129 turns).

MrTaco21 the Basher (Gargoyle Fighter)              Turns: 5129, Time: 00:07:17

Health: 0/51       AC: 17    Str: 22    XL:     9   Next: 5%
Magic:  9/9        EV:  5    Int: 10    God:    Okawaru [*.....]
Gold:   289        SH: 14    Dex:  9    Spells: 8/8 levels left

rFire    . . .     SeeInvis .   B - +0 whip (elec)
rCold    + . .     Faith    .   z - +0 tower shield
rNeg     + . .     Spirit   .   b - +0 scale mail
rPois    ∞         Reflect  .   A - +2 helmet
rElec    +         Harm     .   (no cloak)
rCorr    .         Rampage  .   y - +0 pair of gloves
MR       .....                  (no boots)
Stlth    +.........             (no amulet)
HPRegen  0.17/turn              o - ring of protection from cold
MPRegen  0.11/turn              w - ring of stealth

@: no status effects
A: negative energy resistance 1, electricity resistance, unbreathing,
petrification resistance, rot immunity, AC +6
a: Heroism, Renounce Religion


You were on level 6 of the Dungeon.
You worshipped Okawaru.
Okawaru was aware of your devotion.
You visited 2 branches of the dungeon, and saw 7 of its levels.

You collected 289 gold pieces.

Inventory:

Hand Weapons
 B - a +0 whip of electrocution (weapon)
   (You took it off Pikel on level 6 of the Dungeon)
Missiles
 q - 48 poisoned darts (quivered)
Armour
 b - a +0 scale mail (worn)
 y - a +0 pair of gloves (worn)
   (You found it on level 5 of the Dungeon)
 z - a +0 tower shield (worn)
   (You found it on level 5 of the Dungeon)
 A - a +2 helmet (worn)
   (You found it on level 5 of the Dungeon)
Jewellery
 o - a ring of protection from cold (left hand)
   (You found it on level 2 of the Dungeon)
 v - an uncursed ring of protection from cold
   (You found it on level 3 of the Dungeon)
 w - a ring of stealth (right hand)
   (You found it on level 3 of the Dungeon)
Wands
 t - a wand of polymorph (14)
   (You took it off Ijyb on level 3 of the Dungeon)
 u - a wand of paralysis (6)
   (You found it on level 3 of the Dungeon)
Scrolls
 a - 5 scrolls of remove curse {unknown}
 e - 9 scrolls of identify {unknown}
 g - 3 scrolls of amnesia {unknown}
 j - 4 scrolls of enchant weapon {unknown}
 k - 2 scrolls of blinking {unknown}
 l - 5 scrolls of immolation {unknown}
 m - 2 scrolls of enchant armour {unknown}
 r - 3 scrolls of teleportation {unknown}
Potions
 d - 6 potions of might
 f - 2 potions of attraction {unknown}
 h - 5 potions of heal wounds {unknown}
 i - 2 potions of curing {unknown}
 n - 3 potions of haste {@q3}
 p - a potion of lignification {unknown}
 s - a potion of brilliance {unknown}


   Skills:
 - Level 3.2 Fighting
 + Level 11.3 Maces & Flails
 - Level 3.2 Armour
 - Level 3.2 Shields


You had 8 spell levels left.
You didn't know any spells.
Your spell library contained the following spells:

 Spells                   Type           Power        Failure   Level
 Magic Dart               Conj           #...         100%        1
 Blink                    Tloc           N/A          100%        2
 Call Imp                 Summ           #.......     100%        2
 Slow                     Hex            #.......     100%        2
 Conjure Flame            Conj/Fire      #.......     100%        3
 Mephitic Cloud           Conj/Pois/Air  #.......     100%        3


Dungeon Overview and Level Annotations

Branches:
Dungeon (6/15)             Temple (1/1) D:5

Altars:
Ashenzari
Cheibriados
Dithmenos
Elyvilon
Fedhas
Gozag
Hepliaklqana
Kikubaaqudgha
Makhleb
Nemelex Xobeh
Okawaru
Ru
Sif Muna
Trog
Uskayaw
Vehumet
Wu Jian
Xom
Yredelemnul
Zin
The Shining One


Innate Abilities, Weirdness & Mutations

You are resistant to torment.
Your stone body is resilient. (AC +6)
You are immune to poison.
You resist negative energy. (rN+)
You are resistant to electric shocks. (rElec)
You can survive without breathing.
You are immune to petrification.
You are immune to rotting.


Message History

The quokka skeleton bites you but does no damage.
Unknown command.
You whack the quokka skeleton!
You destroy the quokka skeleton!
An orc comes into view. It is wielding a +0 short sword.
Unknown command.
An orc comes into view. It is wielding a -2 hand axe.
The orc shouts!
The orc moves out of view.
You see here an orc corpse.
Unknown command.
An orc is nearby!
An orc comes into view. It is wielding a +0 war axe.
The orc shouts!
An orc warrior comes into view. It is wielding a +0 short sword.
The orc completely misses you.
You hit the orc. You block the orc's attack.
The orc warrior hits you but does no damage.
You block the orc's attack.
You closely miss the orc. You block the orc's attack.
You block the orc warrior's attack. The orc hits you but does no damage.
You see here an orc corpse.
Things that are here:
a +0 dagger; a +0 robe; a +0 leather armour
Things that are here:
a +0 dagger; a +0 robe; a howler monkey corpse You hit the orc warrior.
You block the orc warrior's attack.
The orc warrior hits you but does no damage.
You barely miss the orc warrior. You block the orc warrior's attack.
You barely miss the orc warrior.
The orc warrior hits you but does no damage.
You hit the orc warrior but do no damage.
You block the orc warrior's attack.
You hit the orc warrior but do no damage.
The orc warrior hits you with a +0 short sword!
* * * LOW HITPOINT WARNING * * *
You closely miss the orc warrior.
The orc warrior hits you but does no damage.
You closely miss the orc warrior. You block the orc warrior's attack.
Unknown command.
You hit the orc warrior but do no damage.
You block the orc warrior's attack.
Unknown command.
You hit the orc warrior but do no damage.
You feel yourself speed up. You block the orc warrior's attack.
Unknown command.
You hit the orc warrior but do no damage.
The orc warrior hits you with a +0 short sword!
You die...

#.)..........≈
#........≈....
##
#............
<###
##........###
...#
............#
.#.#
##########o##
.#.#
########## #.#
.#.#
#........###o#
.#.#
#.........@oo#
.#.#
#........###.#
...#
#........# #.#
.#.#
#.......[# ###
.#.#
#........#
.#.#
#........#
.'.#
###......#
.### #......#
.# #......##


You could see an orc warrior and 2 orcs.

Vanquished Creatures
  Pikel (D:6)
  The ghost of Gigglenaut the Ogre Mage, an amateur OgFE of Vehumet (D:3)
  An ice beast (D:6)
  A phantom (D:4)
  2 lemures (D:6)
  A water moccasin skeleton (D:5)
  2 howler monkeys
  An orc priest (D:6)
  2 jellies (D:5)
  A bullfrog skeleton (D:4)
  An iguana (D:6)
  Ijyb (D:3)
  Terence (D:3)
  6 orc wizards
  3 worker ants
  A hound skeleton (D:6)
  12 adders
  3 ufetubi
  3 worms
  A dart slug (D:2)
  2 leopard geckos
  16 orcs
  2 ball pythons
  5 bats
  7 giant cockroaches
  16 goblins
  8 hobgoblins
  2 jackals (D:3)
  7 kobolds
  4 quokkas
  7 frilled lizards
  A giant cockroach zombie (D:5)
  A quokka skeleton (D:6)
  3 rats
126 creatures vanquished.

Notes
Turn   | Place    | Note
-------+----------+-------------------------------------------
     0 | D:1      | MrTaco21 the Gargoyle Fighter began the quest for the Orb.
     0 | D:1      | Reached XP level 1. HP: 14/14 MP: 1/1
   189 | D:1      | Reached XP level 2. HP: 19/19 MP: 2/2
   311 | D:1      | Reached skill level 3 in Maces & Flails
   752 | D:2      | Reached XP level 3. HP: 23/23 MP: 3/3
   877 | D:2      | Reached skill level 4 in Maces & Flails
   947 | D:2      | Reached XP level 4. HP: 28/28 MP: 4/4
  1621 | D:3      | Found a runed translucent door.
  1621 | D:3      | Noticed Gigglenaut's ghost (amateur OgFE)
  1724 | D:3      | Noticed Terence
  1746 | D:3      | Noticed Ijyb
  1747 | D:3      | Killed Terence
  1747 | D:3      | Reached skill level 5 in Maces & Flails
  1747 | D:3      | Reached XP level 5. HP: 28/32 MP: 5/5
  1785 | D:3      | Killed Ijyb
  2535 | D:3      | Reached skill level 6 in Maces & Flails
  2535 | D:3      | Reached XP level 6. HP: 36/37 MP: 6/6
  2767 | D:3      | Killed Gigglenaut's ghost
  2767 | D:3      | Reached skill level 7 in Maces & Flails
  2767 | D:3      | Reached XP level 7. HP: 20/41 MP: 7/7
  3175 | D:4      | Reached skill level 8 in Maces & Flails
  3632 | D:5      | Entered Level 5 of the Dungeon
  4230 | D:5      | Reached skill level 9 in Maces & Flails
  4230 | D:5      | Reached XP level 8. HP: 29/46 MP: 8/8
  4423 | D:5      | Found a staircase to the Ecumenical Temple.
  4634 | Temple   | Entered the Ecumenical Temple
  4817 | Temple   | Became a worshipper of Warmaster Okawaru
  4924 | D:6      | Noticed Pikel
  4992 | D:6      | Killed Pikel
  4992 | D:6      | Reached * piety under Okawaru
  4992 | D:6      | Reached skill level 10 in Maces & Flails
  5047 | D:6      | Reached skill level 11 in Maces & Flails
  5095 | D:6      | Reached XP level 9. HP: 19/51 MP: 9/9
  5129 | D:6      | Slain by an orc warrior

Illustrated notes

Levels and vault maps discovered:
D:1:      tarquinn_simple_flora_water_e, layout_basic
D:2:      layout_loops_ring
D:3:      kennysheep_the_goblin_king, layout_basic, gammafunk_ghost_grave,
          uniq_terence
D:4:      layout_basic, minmay_misc_feat_plants
D:5:      layout_layer_cave, minmay_temple_entry_overgrown,
          minmay_quadrilaterals
D:6:      layout_basic, nicolae_qazlal_general_emergency, basic_altar,
          minmay_misc_feat_cross, uniq_pikel, uniq_sigmund, uniq_edmund
Temple:   kilobyte_greek_temple

Skill      XL: |  1  2  3  4  5  6  7  8 |
---------------+-------------------------+-----
Maces & Flails | 3 4 5 6 7 9 11 | 11.3
Fighting       | |  3.2
Armour         | |  3.2
Shields        | |  3.2

Action                   |  1- 3 |  4- 6 |  7- 9 || total
-------------------------+-------+-------+-------++-------
Melee: Flail             |   122 |   307 |   192 ||   621
       Whip              |       |       |    60 ||    60
Armor: Scale mail        |    55 |   148 |   122 ||   325
       Skin              |       |     4 |       ||     4
Dodge: Dodged            |    36 |    99 |    61 ||   196
Block: Kite shield       |    51 |   156 |    68 ||   275
       Tower shield      |       |       |    51 ||    51

Table legend: (Time is in decaauts)
 A = Elapsed time spent in this place.
 B = Non-inter-level travel time spent in this place.
 C = Inter-level travel time spent in this place.
 D = Time resting spent in this place.
 E = Time spent auto-exploring this place.
 F = Levels seen in this place.
 G = Mean time per level.
                   A        B        C        D        E       F      G
               +--------+--------+--------+--------+--------+-----+--------+
         Total |   5240 |   4966 |    274 |    349 |   3329 |   7 |  748.6 |
       Dungeon |   5015 |   4822 |    193 |    349 |   3187 |   6 |  835.8 |
        Temple |    225 |    144 |     81 |      0 |    142 |   1 |  225.0 |
               +--------+--------+--------+--------+--------+-----+--------+

Top non-repeatable levels by time:
     D:3: 1599 daAuts
     D:5: 1036 daAuts
     D:2: 790 daAuts
     D:4: 704 daAuts
     D:1: 646 daAuts
     D:6: 237 daAuts
  Temple: 225 daAuts
